 Dungeon Crawl Stone Soup version 0.27-a0-869-g165b36e3f0 (webtiles) character file.

Game seed: 1402081527702607799

32 mhtbhm the Shield-Bearer (level 3, 23/23 HPs)
             Began as a Gargoyle Fighter on Apr 2, 2021.
             Was a Follower of Uskayaw.
             Quit the game on level 1 of the Dungeon.
             The game lasted 00:00:41 (1111 turns).

mhtbhm the Shield-Bearer (Gargoyle Fighter)         Turns: 1111, Time: 00:00:41

Health: 23/23      AC: 10    Str: 20    XL:     3   Next: 25%
Magic:  3/3        EV:  7    Int:  8    God:    Uskayaw [*.....]
Gold:   42         SH:  9    Dex:  9    Spells: 2/2 levels left

rFire    . . .     SeeInvis .   a - +0 flail
rCold    . . .     Faith    .   c - +0 kite shield
rNeg     + . .     Spirit   .   b - +0 scale mail
rPois    ∞         Reflect  .   (no helmet)
rElec    +         Harm     .   (no cloak)
rCorr    .         Rampage  .   (no gloves)
Will     .....                  (no boots)
Stlth    ..........             (no amulet)
HPRegen  0.07/turn              (no ring)
MPRegen  0.08/turn              (no ring)

@: no status effects
A: AC +3, negative energy resistance 1, electricity resistance, torment
resistance 1, unbreathing 1, petrification resistance
a: Renounce Religion, Stomp


You were on level 1 of the Dungeon.
You worshipped Uskayaw.
Uskayaw was noncommittal.
You visited 1 branch of the dungeon, and saw 1 of its levels.

You collected 42 gold pieces.

Inventory:

Hand Weapons
 a - a +0 flail (weapon)
Armour
 b - a +0 scale mail (worn)
 c - a +0 kite shield (worn)
Scrolls
 g - 2 scrolls of vulnerability {unknown}
Potions
 d - a potion of might
 e - a potion of curing {unknown}
 f - a potion of brilliance {unknown}
 h - a potion of haste {unknown}


   Skills:
 + Level 3.6 Fighting
 + Level 2.6 Maces & Flails
 + Level 3.5 Armour
 + Level 3.7 Shields


You had 2 spell levels left.
You didn't know any spells.
Your spell library was empty.

Dungeon Overview and Level Annotations

Branches:
Dungeon (1/15)

Altars:
Uskayaw


Innate Abilities, Weirdness & Mutations

Your stone body is resilient. (AC +3)
You are immune to poison.
You resist negative energy. (rN+)
You are resistant to electric shocks. (rElec)
You are resistant to unholy torment.
You can survive without breathing.
You are immune to petrification.


Message History

You kill the kobold!
No target in view!
No target in view!
No target in view!
No target in view!
You see here a +0 short sword.
You see here a +0 leather armour.
There is an open door here.
You see here a ball python skeleton.
A goblin comes into view. It is wielding a +0 club.
A goblin is nearby!
A goblin is nearby!
A goblin is nearby!
The goblin barely misses you.
You closely miss the goblin. You block the goblin's attack. x2
Your shield and scale mail prevent you from hitting the goblin.
The goblin hits you but does no damage.
You hit the goblin.
The goblin is moderately wounded.
You block the goblin's attack. The goblin hits you but does no damage.
You barely miss the goblin.
The goblin is moderately wounded.
The goblin hits you with a +0 club.
You hit the goblin.
You kill the goblin!
No target in view!
No target in view!
Things that are here:
a +0 club; a goblin corpse
Found a faded altar of an unknown god.
There is a faded altar of an unknown god here.
Done exploring.
Done exploring.
No target in view!
There is a faded altar of an unknown god here.
You cannot tell which god this altar belongs to.
Convert to them anyway?
Uskayaw accepts your prayer! Uskayaw welcomes you!
You can now stomp with the beat.
Are you sure you want to abandon this character and quit the game? (Confirm with "yes".)

#.############............#
#...).....................#
######....................#
#....................#
#....................#
#...........#######..###
#....###.#### #..#..
#.####.###.#########>#.#
#...#.#@#.#..........#.#
#.##.###.#######.....#.#
#..###.### #.#####.#
#........# #.#####.#
#........# #.......#
######'### ######### #.#
#.# #.#


There were no monsters in sight!

Vanquished Creatures
  A dart slug (D:1)
  3 ball pythons (D:1)
  4 bats (D:1)
  An endoplasm (D:1)
  2 hobgoblins (D:1)
  4 jackals (D:1)
  2 quokkas (D:1)
  A frilled lizard (D:1)
  3 goblins (D:1)
  4 kobolds (D:1)
  A rat (D:1)
26 creatures vanquished.

Notes
Turn   | Place    | Note
-------+----------+-------------------------------------------
     0 | D:1      | mhtbhm the Gargoyle Fighter began the quest for the Orb.
     0 | D:1      | Reached XP level 1. HP: 14/14 MP: 1/1
   140 | D:1      | Reached XP level 2. HP: 19/19 MP: 2/2
   628 | D:1      | Reached XP level 3. HP: 23/23 MP: 3/3
  1102 | D:1      | Found a faded altar of an unknown god.
  1110 | D:1      | Became a worshipper of Uskayaw the Reveller
  1110 | D:1      | Reached * piety under Uskayaw
  1111 | D:1      | Quit the game

Illustrated notes

Levels and vault maps discovered:
D:1:      minmay_arrival_cross, layout_basic, chequers_ecumenical_altar_twisty

Action                   || total
-------------------------++-------
Melee: Flail             ||    85
Armor: Scale mail        ||    55
Dodge: Dodged            ||    28
Block: Kite shield       ||    66

Table legend: (Time is in decaauts)
 A = Elapsed time spent in this place.
 B = Non-inter-level travel time spent in this place.
 C = Inter-level travel time spent in this place.
 D = Time resting spent in this place.
 E = Time spent auto-exploring this place.
 F = Levels seen in this place.
 G = Mean time per level.
                   A        B        C        D        E       F      G
               +--------+--------+--------+--------+--------+-----+--------+
         Total |   1153 |   1153 |      0 |      0 |    947 |   1 | 1153.0 |
       Dungeon |   1153 |   1153 |      0 |      0 |    947 |   1 | 1153.0 |
               +--------+--------+--------+--------+--------+-----+--------+

Top non-repeatable levels by time:
     D:1: 1153 daAuts
